 Dungeon Crawl Stone Soup version 0.29-a0-334-gb41bcbb86e (webtiles) character file.

Game seed: 2652750879271300722

863 rabbitsville the Changer (level 8, 0/54 HPs)
             Began as a Merfolk Transmuter on Apr 14, 2022.
             Was an Initiate of Gozag.
             Slain by a black bear (5 damage)
             ... on level 6 of the Dungeon.
             The game lasted 00:21:28 (7006 turns).

rabbitsville the Changer (Merfolk Transmuter)       Turns: 7006, Time: 00:21:29

Health: 0/54       AC:  4    Str: 10    XL:     8   Next: 3%
Magic:  16/16      EV: 12    Int: 15    God:    Gozag
Gold:   464        SH:  0    Dex: 14    Spells: 16/17 levels left

rFire   . . .      SeeInvis .   b - +2 morningstar (drain)
rCold   + + .      Faith    .   (no shield)
rNeg    . . .      Spirit   .   y - +1 leather armour of Anaesthesia {rC++ Stlth+}
rPois   .          Reflect  .   (helmet currently unavailable)
rElec   .          Harm     .   (no cloak)
rCorr   .          Rampage  .   (no gloves)
Will    .....                   (boots currently unavailable)
Stlth   ++........              (no amulet)
HPRegen 0.18/turn               (no ring)
MPRegen 0.15/turn               (no ring)

@: appendages, gold aura
A: horns 2, (nimble swimmer 2), mertail
a: End Transformation, Renounce Religion, Potion Petition, Call Merchant, Bribe
Branch


You were on level 6 of the Dungeon.
You worshipped Gozag.
Gozag was aware of your devotion.
You had temporarily grown beastly horns.
You visited 2 branches of the dungeon, and saw 7 of its levels.

You collected 527 gold pieces.
You paid 63 gold pieces to Gozag.

Inventory:

Hand Weapons
 b - a +2 morningstar of draining (weapon)
 d - a +0 spear
 k - a +2 dagger of draining
Armour
 a - a +0 robe
 o - a +1 leather armour of positive energy
 y - the +1 leather armour of Anaesthesia (worn) {rC++ Stlth+}
   (You found it on level 5 of the Dungeon)

   rC:        It greatly protects you from cold.
   Stlth:     It makes you more stealthy.
 z - a +0 helmet (melded)
Jewellery
 l - an amulet of reflection
Wands
 w - a wand of iceblast (8)
Scrolls
 f - 3 scrolls of identify {unknown}
 g - 2 scrolls of magic mapping
 h - a scroll of immolation {unknown}
 m - a scroll of blinking {unknown}
 n - a scroll of fog {unknown}
 q - 2 scrolls of vulnerability {unknown}
 t - a scroll of acquirement {unknown}
 v - a scroll of amnesia {unknown}
 x - a scroll of fear {unknown}
Potions
 c - 3 potions of mutation {unknown}
 e - 2 potions of brilliance {unknown}
 i - a potion of resistance {unknown}
 j - a potion of attraction {unknown}
 p - a potion of lignification
 r - a potion of flight {unknown}
 s - 2 potions of haste {unknown}


   Skills:
 - Level 1.1 Fighting
 - Level 1.5 Polearms
 - Level 2.6 Dodging
 + Level 4.7 Unarmed Combat
 * Level 5.4 Spellcasting
 * Level 7.7 Transmutations
 - Level 1.4 Poison Magic


You had 16 spell levels left.
You knew the following spells:

 Your Spells              Type           Power      Damage    Failure   Level
a - Beastly Appendage     Tmut           54%        N/A       1%          1

Your spell library contained the following spells:

 Spells                   Type           Power      Damage    Failure   Level
 Wereblood                Tmut           27%        N/A       1%          2
 Spider Form              Tmut/Pois      17%        N/A       10%         3
 Ignite Poison            Fire/Tmut/Pois 13%        N/A       19%         3
 Magic Dart               Conj           16%        1d3       22%         1
 Poisonous Vapours        Pois/Air       12%        N/A       24%         2
 Call Imp                 Summ           4%         N/A       32%         2
 Corpse Rot               Necr/Air       8%         N/A       32%         2
 Ice Form                 Ice/Tmut       15%        N/A       41%         4
 Mephitic Cloud           Conj/Pois/Air  5%         N/A       47%         3
 Freezing Cloud           Conj/Ice/Air   2%         6-21      99%         5


Dungeon Overview and Level Annotations

Branches:
Dungeon (6/15)             Temple (1/1) D:5

Altars:
Ashenzari
Cheibriados
Fedhas
Gozag
Hepliaklqana
Kikubaaqudgha
Makhleb
Nemelex Xobeh
Okawaru
Ru
Uskayaw
Vehumet
Wu Jian
Xom
Lugonu

Annotations:
D:5 Duvessa


Innate Abilities, Weirdness & Mutations

You have temporarily grown beastly horns.
((You are very nimble when in or above water. (Stealth+, EV+, Speed+++)))
Your lower body shifts to a powerful aquatic tail in water.


Message History

* * * LOW HITPOINT WARNING * * *
The black bear claws you.
* * * LOW HITPOINT WARNING * * *
The black bear claws you.
* * * LOW HITPOINT WARNING * * *
You feel much better. The black bear closely misses you.
The black bear claws you but does no damage. x2
You sock the black bear!
You headbutt the black bear, but do no damage.
The black bear is moderately wounded.
The black bear bites you. The black bear claws you. The black bear misses you.
The black bear bites you but does no damage.
The black bear claws you.
The black bear claws you but does no damage.
You closely miss the black bear.
The black bear is moderately wounded.
The black bear bites you!
* * * LOW HITPOINT WARNING * * *
The black bear claws you but does no damage.
The black bear closely misses you.
You hit the black bear. You drain the black bear.
The black bear is severely wounded.
The black bear barely misses you. The black bear closely misses you.
The black bear claws you.
* * * LOW HITPOINT WARNING * * *
The black bear bites you.
* * * LOW HITPOINT WARNING * * *
The black bear claws you but does no damage.
The black bear claws you.
* * * LOW HITPOINT WARNING * * *
You barely miss the black bear.
The black bear is severely wounded.
The black bear bites you.
* * * LOW HITPOINT WARNING * * *
The black bear claws you but does no damage. x2
You completely miss the black bear.
The black bear is severely wounded.
The black bear bites you.
You die...
Your body crumbles into a pile of gold.

,,,,,,,##.# #.######.######## ##
.***##.##.# #...............####.
.###.#.##<#*#..#########.........
...............# ###.##.####.
.#.#...........# #...........
..........####.# #.#.#####...
....##.#### #.#######.#.# #.##
.....#.#**#**#.#$).)...#.# #.#
.(.#...#,..**.#.@#######.# #.#
##...###...,,*##h# #.#####.##
##.##..>........# #.........
#...........#..# #######.##
#..#.?.....,...# #.#
###..###...#*#.#.# #.#
..O........**#.#.# #.#
##.>.##.#.#**..#.# #)#
#.<.......,...#.# #.#


You could see a black bear (drained).

Vanquished Creatures
  A yak (D:6)
  An ogre (D:6)
  A centaur (D:6)
  A bullfrog (D:6)
  A howler monkey (D:5)
  2 orc priests
  A hound (D:5)
  5 iguanas
  2 orc wizards
  4 gnolls
  6 adders
  A shadow imp (D:6)
  An ufetubus (D:6)
  A worm (D:4)
  13 orcs
  8 endoplasms
  2 goblins
  4 hobgoblins
  2 jackals (D:1)
  4 kobolds
  6 quokkas
  4 ball pythons
  3 bats
  4 frilled lizards
  3 rats
81 creatures vanquished.

Vanquished Creatures (others)
  2 demonic plants (Temple)
2 creatures vanquished.

Grand Total: 83 creatures vanquished

Notes
Turn   | Place    | Note
-------+----------+-------------------------------------------
     0 | D:1      | rabbitsville the Merfolk Transmuter began the quest for the
                  | Orb.
     0 | D:1      | Reached XP level 1. HP: 15/15 MP: 3/3
   205 | D:1      | Reached skill level 3 in Transmutations
   217 | D:1      | Reached XP level 2. HP: 16/21 MP: 3/5
   723 | D:2      | Reached skill level 1 in Polearms
   739 | D:1      | Reached XP level 3. HP: 13/26 MP: 6/6
  1768 | D:2      | Reached skill level 4 in Transmutations
  1777 | D:2      | Reached XP level 4. HP: 13/29 MP: 8/8
  1785 | D:2      | Reached skill level 1 in Poison Magic
  1795 | D:2      | Reached XP level 5. HP: 10/31 MP: 9/9
  3056 | D:3      | Found an opulent altar of Gozag.
  3093 | D:3      | Became a worshipper of Gozag Ym Sagoz the Greedy
  3532 | D:3      | Found a shimmering altar of Xom.
  3956 | D:4      | Reached skill level 5 in Transmutations
  4065 | D:4      | Found a snail-covered altar of Cheibriados.
  4068 | D:4      | Found a burning altar of Makhleb.
  4082 | D:4      | Found a hazy altar of Hepliaklqana.
  4085 | D:4      | Found an ancient bone altar of Kikubaaqudgha.
  4592 | D:5      | Entered Level 5 of the Dungeon
  4606 | D:5      | Noticed an ogre
  4816 | D:5      | Found a staircase to the Ecumenical Temple.
  4825 | D:5      | Reached XP level 6. HP: 19/43 MP: 11/11
  4833 | Temple   | Entered the Ecumenical Temple
  5117 | D:5      | Identified the +1 leather armour of Anaesthesia {rC++
                  | Stlth+}
  5223 | D:5      | HP: 2/43 [gnoll/+0 halberd (7)]
  5234 | D:5      | HP: 2/64 [gnoll/+0 flail (8)]
  5526 | D:5      | Found a blossoming altar of Fedhas.
  5528 | D:5      | Noticed Duvessa
  5687 | D:6      | Reached skill level 6 in Transmutations
  5747 | D:6      | Noticed a yak
  5759 | D:6      | Noticed a yak
  5759 | D:6      | Noticed a yak
  5759 | D:6      | Noticed a yak
  5759 | D:6      | Noticed a yak
  5759 | D:6      | Noticed a yak
  5783 | D:6      | Killed a yak
  5784 | D:6      | Reached XP level 7. HP: 25/48 MP: 12/14
  6347 | D:6      | Found a broken altar of Ashenzari.
  6388 | D:6      | Reached skill level 7 in Transmutations
  6513 | D:6      | Reached skill level 5 in Spellcasting
  6998 | D:6      | Reached XP level 8. HP: 15/54 MP: 14/16
  7006 | D:6      | Slain by a black bear

Illustrated notes

Levels and vault maps discovered:
D:1:      mrwooster_arrival_statue_3, layout_loops_ring
D:2:      cheibrodos_pilgrimage, layout_basic
D:3:      layout_basic, amcnicky_altar_gilded, mainiacjoe_overflow_brackets
D:4:      layout_rooms, grunt_temple_overflow_cloverleaf, minmay_unequal
D:5:      layout_gridville, fedhas_altar_1, minmay_temple_entry_statues_pillars,
          uniq_eustachio, uniq_duvessa
D:6:      layout_loops_ring, nicolae_ashenzari_skybound,
          kennysheep_generic_room_12
Temple:   corrupted_temple

Skill      XL: |  1  2  3  4  5  6  7 |
---------------+----------------------+-----
Transmutations | 3 4 5 6 7 |  7.7
Polearms       | 1 |  1.5
Spellcasting   | 3 4 5 |  5.4
Poison Magic   | 1 |  1.4
Unarmed Combat | 4 |  4.7
Fighting       | |  1.1
Dodging        | |  2.6

Action                   |  1- 3 |  4- 6 |  7- 9 || total
-------------------------+-------+-------+-------++-------
Melee: Spear             |    62 |       |       ||    62
       Headbutt          |    10 |    11 |    11 ||    32
       Dagger            |    39 |    17 |       ||    56
       Punch             |     1 |     4 |     4 ||     9
       Morningstar       |       |   132 |    73 ||   205
 Cast: Beastly Appendage |    18 |    26 |     8 ||    52
  Use: Potion            |     3 |     8 |     1 ||    12
       Scroll            |       |       |     3 ||     3
 Stab: Sleeping          |     2 |     3 |       ||     5
Armor: Robe              |     9 |    13 |       ||    22
       Skin              |    23 |    64 |     5 ||    92
       Leather armour    |       |     4 |    27 ||    31
Dodge: Dodged            |    43 |    91 |    50 ||   184

Table legend: (Time is in decaauts)
 A = Elapsed time spent in this place.
 B = Non-inter-level travel time spent in this place.
 C = Inter-level travel time spent in this place.
 D = Time resting spent in this place.
 E = Time spent auto-exploring this place.
 F = Levels seen in this place.
 G = Mean time per level.
                   A        B        C        D        E       F      G
               +--------+--------+--------+--------+--------+-----+--------+
         Total |   7111 |   7015 |     96 |   1579 |   4034 |   7 | 1015.9 |
       Dungeon |   6874 |   6778 |     96 |   1420 |   4009 |   6 | 1145.7 |
        Temple |    237 |    237 |      0 |    159 |     25 |   1 |  237.0 |
               +--------+--------+--------+--------+--------+-----+--------+

Top non-repeatable levels by time:
     D:2: 1584 daAuts
     D:6: 1515 daAuts
     D:3: 1287 daAuts
     D:4: 1179 daAuts
     D:1: 942 daAuts
     D:5: 364 daAuts
  Temple: 237 daAuts
